 Dungeon Crawl Stone Soup version 0.28.0-53-g5a82cb258f (webtiles) character file.

Game seed: 9363683236751508492

2815 jamesp the Destroyer (level 9, -1/69 HPs)
             Began as a Yellow Draconian Conjurer on Aug 2, 2022.
             Was a Follower of Ashenzari.
             Killed from afar by a steam dragon (5 damage)
             ... with a ball of steam
             ... on level 8 of the Dungeon on Aug 3, 2022.
             The game lasted 00:35:12 (10127 turns).

jamesp the Destroyer (Yellow Draconian Conjurer)   Turns: 10127, Time: 00:35:12

Health: -1/69      AC:  7    Str:  9    XL:     9   Next: 44%
Magic:  11/15      EV: 12    Int: 21    God:    Ashenzari [*.....]
Gold:   413        SH:  0    Dex: 12    Spells: 11/16 levels left

rFire   . . .      SeeInvis .   y - staff of earth (curse) {Range, Comp}
rCold   . . .      Faith    .   (no shield)
rNeg    . . .      Spirit   .   (armour unavailable)
rPois   +          Reflect  .   (helmet restricted)
rElec   .          Harm     .   (no cloak)
rCorr   +          Rampage  .   (no gloves)
Will    .....                   (no boots)
Stlth   ++........              (no amulet)
HPRegen 0.21/turn               f - ring of the Eye in the Sky {rPois, Bglg, Elem} (curse)
MPRegen 0.14/turn               (no ring)

@: no status effects
A: spit acid, AC +7, unfitting armour, cold-blooded, acid resistance
a: Breathe Acid, Renounce Religion, Curse Item, Shatter the Chains


You were on level 8 of the Dungeon.
You worshipped Ashenzari.
Ashenzari was aware of your devotion.
You visited 2 branches of the dungeon, and saw 9 of its levels.

You collected 413 gold pieces.

Inventory:

Hand Weapons
 e - a +0 falchion
 j - a +0 short sword of speed
 p - a +2 dagger of pain
 u - a +2 dagger of electrocution
Missiles
 a - 185 stones
 k - 4 javelins
 l - 147 arrows
 m - 3 poisoned darts
 r - 27 bolts
 v - 2 boomerangs of dispersal
Magical Staves
 y - a cursed staff of earth (weapon) {Range, Comp}
Jewellery
 f - the cursed ring of the Eye in the Sky (left hand) {rPois, Bglg, Elem}
   (You found it on level 1 of the Dungeon)

   [ring of poison resistance]

   rPois:     It protects you from poison.
   It has a curse which improves the following skills: Beguiling: Conjurations,
   Hexes and Translocations.
   Elements:  Fire Magic, Ice Magic, Air Magic and Earth Magic.
Wands
 o - a wand of iceblast (3)
 E - a wand of digging (1)
 F - a wand of mindburst (14)
 G - a wand of polymorph (6)
Scrolls
 c - 4 scrolls of teleportation
 d - a scroll of silence
 g - 5 scrolls of identify
 s - 3 scrolls of vulnerability
 A - 2 scrolls of enchant armour
 C - a scroll of blinking
 D - a scroll of fog
 H - a scroll of brand weapon
Potions
 b - 4 potions of attraction
 h - a potion of curing
 i - a potion of might
 n - 2 potions of lignification
 q - a potion of ambrosia
 t - a potion of mutation
 w - 2 potions of degeneration
 x - 2 potions of haste
 z - a potion of invisibility
 B - a potion of brilliance


   Skills:
 - Level 3.0 Fighting
 - Level 2.1 Short Blades
 + Level 4.5 Staves
 - Level 3.0 Dodging
 - Level 1.7 Stealth
 - Level 4.0 Spellcasting
 + Level 8.9(9.8) Conjurations
 - Level 4.5(5.3) Necromancy
 - Level 1.1(1.6) Air Magic
 + Level 4.5(5.3) Earth Magic


You had 11 spell levels left.
You knew the following spells:

 Your Spells              Type           Power      Damage    Failure   Level
a - Magic Dart            Conj           100%       1d8       1%          1
b - Searing Ray           Conj           90%        2d7       1%          2
c - Corpse Rot            Necr/Air       36%        N/A       4%          2

Your spell library contained the following spells:

 Spells                   Type           Power      Damage    Failure   Level
 Dazzling Flash           Conj/Hex       50%        N/A       4%          3
 Poisonous Vapours        Pois/Air       14%        N/A       13%         2
 Fulminant Prism          Conj/Hex       12%        3d9       16%         4
 Iskenderun's Mystic Bla  Conj/Tloc      25%        2d7       16%         4
 Passage of Golubria      Tloc           4%         N/A       75%         4
 Silence                  Hex/Air        3%         N/A       93%         5
 Lehudib's Crystal Spear  Conj/Erth      26%        10d7      100%        8


Dungeon Overview and Level Annotations

Branches:
Dungeon (8/15)             Temple (1/1) D:4            Lair (0/6) D:8

Altars:
Ashenzari
Cheibriados
Dithmenos
Elyvilon
Fedhas
Gozag
Hepliaklqana
Kikubaaqudgha
Makhleb
Nemelex Xobeh
Okawaru
Qazlal
Ru
Sif Muna
Trog
Uskayaw
Vehumet
Wu Jian
Xom
Yredelemnul
Zin
The Shining One

Shops:
D:6 =


Innate Abilities, Weirdness & Mutations

You can spit globs of acid.
Your golden yellow scales are hard. (AC +7)
You cannot fit into any form of body armour.
You are cold-blooded and may be slowed by cold attacks.
You are resistant to acid. (rCorr)


Message History

The searing ray hits the steam dragon!
The steam dragon is severely wounded.
You finish channelling your searing ray.
You are engulfed in a cloud of scalding steam.
You hit the steam dragon but do no damage.
The steam dragon is severely wounded.
The steam dragon breathes steam at you. The ball of steam hits you!
* * * LOW HITPOINT WARNING * * *
The steam dragon closely misses you. The steam dragon barely misses you.
You hit the steam dragon.
You tail-slap the steam dragon, but do no damage.
The steam dragon is almost dead.
The steam dragon bites you!
* * * LOW HITPOINT WARNING * * *
The steam dragon closely misses you.
A bullfrog comes into view.
You hit the steam dragon but do no damage.
The steam dragon is almost dead.
The steam dragon barely misses you. The steam dragon claws you.
* * * LOW HITPOINT WARNING * * *
You hit the steam dragon but do no damage.
The steam dragon is almost dead.
The steam dragon breathes steam at you. The ball of steam misses you.
The bullfrog releases a deep croak.
Unknown command.
You feel better.
You are engulfed in a cloud of scalding steam.
The steam dragon bites you.
* * * LOW HITPOINT WARNING * * *
The steam dragon misses you. The steam dragon bites you.
* * * LOW HITPOINT WARNING * * *
The steam dragon claws you but does no damage.
You barely miss the steam dragon.
The steam dragon is almost dead.
The steam dragon breathes steam at you. The ball of steam hits you.
You die...

# #. .... ##..... ......
#.....# ...... .....####
...... ....##..###
....##
..........#######.....
.................##.###
.........##.....DF....#
....##..###....ยง@.....#
......#...#...##.#....#
.....##...#..##### ####
...######....# ....##
...... #....####.....
....##.########
....#...# ........#


You could see a steam dragon (catching breath) and a bullfrog.

Vanquished Creatures
  Pikel (D:7)
  2 water moccasins
  A black bear (D:4)
  A necrophage (D:7)
  An ogre (D:4)
  4 centaurs
  A lemure (D:7)
  A bullfrog (D:6)
  5 scorpions
  2 wyvern skeletons (D:6)
  5 killer bees (D:4)
  4 howler monkeys
  4 jellies
  A centaur zombie (D:7)
  2 hounds (D:5)
  An orc priest (D:5)
  A centaur skeleton (D:5)
  Ijyb (D:3)
  Jessica (D:2)
  2 iguanas (D:6)
  4 orc wizards
  A killer bee zombie (D:8)
  2 hound skeletons
  A howler monkey zombie (D:8)
  8 adders
  3 white imps
  2 ufetubi (D:5)
  2 worms
  4 dart slugs
  10 orcs
  13 endoplasms
  3 giant cockroaches
  3 goblins
  8 hobgoblins
  2 jackals (D:2)
  15 kobolds
  4 quokkas
  5 ball pythons
  2 bats (D:3)
  4 frilled lizards
  3 rats
140 creatures vanquished.

Vanquished Creatures (others)
  6 fungi (D:2)
  14 plants (D:7)
  9 toadstools (D:2)
29 creatures vanquished.

Grand Total: 169 creatures vanquished

Notes
Turn   | Place    | Note
-------+----------+-------------------------------------------
     0 | D:1      | jamesp the Draconian Conjurer began the quest for the Orb.
     0 | D:1      | Reached XP level 1. HP: 14/14 MP: 3/3
    12 | D:1      | Found a faded altar of an unknown god.
   715 | D:1      | Reached XP level 2. HP: 20/20 MP: 0/5
  1242 | D:1      | Reached XP level 3. HP: 13/26 MP: 0/6
  1720 | D:2      | Identified the +0 robe "Eckuuklaoche" {rPois Int+3}
  1939 | D:2      | Reached XP level 4. HP: 31/33 MP: 2/8
  2080 | D:2      | Noticed Jessica
  2099 | D:2      | Killed Jessica
  2504 | D:2      | Reached XP level 5. HP: 27/38 MP: 4/10
  2529 | D:2      | Reached skill level 5 in Conjurations
  3038 | D:3      | Noticed Ijyb
  3216 | D:2      | Learned a level 2 spell: Searing Ray
  3419 | D:3      | Found a broken altar of Ashenzari.
  3452 | D:3      | Found an iron altar of Okawaru.
  3486 | D:3      | Became a worshipper of Ashenzari the Shackled
  3838 | D:3      | Killed Ijyb
  3839 | D:3      | Reached XP level 6. HP: 26/45 MP: 2/12
  3964 | D:3      | Learned a level 2 spell: Corpse Rot
  4072 | D:3      | Noticed a water moccasin
  4431 | D:4      | Found a staircase to the Ecumenical Temple.
  4539 | D:4      | Reached skill level 1 in Fighting
  4539 | D:4      | Reached skill level 1 in Necromancy
  4586 | D:4      | Reached skill level 6 in Conjurations
  4796 | D:4      | Your scales start taking on a golden yellow colour.
  4796 | D:4      | Reached XP level 7. HP: 56/56 MP: 7/13
  4796 | D:4      | Gained mutation: You are resistant to acid. (rCorr) [Yellow
                  | Draconian growth]
  5119 | D:4      | You fall into a shaft and drop 2 floors!
  5408 | D:6      | Reached skill level 7 in Conjurations
  5480 | D:5      | Entered Level 5 of the Dungeon
  6010 | D:4      | Reached XP level 8. HP: 49/63 MP: 6/14
  6099 | Temple   | Entered the Ecumenical Temple
  6355 | D:5      | Reached skill level 1 in Short Blades
  6409 | D:5      | Found a stormy altar of Qazlal.
  6579 | D:5      | Reached skill level 1 in Air Magic
  6867 | D:5      | Reached * piety under Ashenzari
  7130 | D:6      | Found Muuheist's Jewellery Emporium.
  7164 | D:6      | Reached skill level 1 in Staves
  7164 | D:6      | Reached skill level 1 in Earth Magic
  8222 | D:7      | Noticed Pikel
  8248 | D:7      | Killed Pikel
  8249 | D:7      | Reached skill level 8 in Conjurations
  8249 | D:7      | Reached XP level 9. HP: 52/69 MP: 10/15
  9274 | D:8      | Found a staircase to the Lair.
 10127 | D:8      | Killed from afar by a steam dragon

Illustrated notes

Levels and vault maps discovered:
D:1:      saegor_arrival_simple_a, layout_rooms,
          hellmonk_ecumenical_altar_slurped_away, minivault_24
D:2:      cheibrodos_fertilizer, layout_rooms, uniq_jessica
D:3:      layout_loops_ring, mainiacjoe_overflow_two_lobes, uniq_ijyb
D:4:      layout_basic, minmay_temple_entry_junction
D:5:      layout_rooms, grunt_qazlal_sundering, lemuel_another_geyser
D:6:      layout_cave_pods, serial_shops, shop, grunt_decor_mini_mirrors
D:7:      layout_basic, serial_bayou_pond_c, minmay_manual_moon, uniq_pikel,
          uniq_menkaure
D:8:      layout_cave_pools, lair_entry_dummy, minmay_crossroads
Temple:   mainiacjoe_temple_bowtie_tessellation

Skill      XL: |  1  2  3  4  5  6  7  8  9 |
---------------+----------------------------+-----
Dodging        | 2 3 |  3.0
Spellcasting   | 3 4 |  4.0
Conjurations   | 5 6 7 8 |  8.9
Fighting       | 2 3 |  3.0
Necromancy     | 2 4 |  4.5
Short Blades   | 2 |  2.1
Air Magic      | 1 |  1.1
Staves         | 3 4 |  4.5
Earth Magic    | 3 4 |  4.5
Stealth        | |  1.7

Action                   |  1- 3 |  4- 6 |  7- 9 || total
-------------------------+-------+-------+-------++-------
Melee: Unarmed           |    25 |       |       ||    25
       Tailslap          |     2 |    11 |    30 ||    43
       Falchion          |     6 |       |       ||     6
       Short sword       |       |    55 |    46 ||   101
       Punch             |       |     1 |     3 ||     4
       Dagger            |       |       |    19 ||    19
       Staff             |       |       |   146 ||   146
Throw: Dart              |       |     4 |       ||     4
       Stone             |       |     2 |       ||     2
 Cast: Magic Dart        |    77 |    82 |   101 ||   260
       Searing Ray       |       |     5 |    18 ||    23
Invok: Curse Item        |       |       |     2 ||     2
 Abil: Breathe Acid      |       |       |     4 ||     4
Evoke: Wand              |       |       |     4 ||     4
  Use: Potion            |       |       |     7 ||     7
 Stab: Sleeping          |       |     2 |     1 ||     3
Armor: Skin              |    16 |    18 |   100 ||   134
Dodge: Dodged            |    37 |    47 |   161 ||   245
